 Dungeon Crawl Stone Soup version 0.25-a0-558-g78a2afb0af (webtiles) character file.

Game seed: 14613917011494631115, levelgen mode: deterministic

377374 Flugslaktarn the Warrior (level 21, -5/198 HPs)
             Began as a Deep Dwarf Fighter on Feb 24, 2020.
             Was the Champion of Makhleb.
             Slain by a green draconian
             ... wielding a +0 flail
              (7 damage)
             ... on level 5 of the Realm of Zot.
             The game lasted 00:24:05 (22232 turns).

Flugslaktarn the Warrior (Deep Dwarf Fighter)      Turns: 22232, Time: 00:24:05

Health: -5/198     AC: 42    Str: 28    XL:     21   Next: 47%
Magic:  14/14      EV:  7    Int:  6    God:    Makhleb [******]
Gold:   1905       SH: 34    Dex: 10    Spells: 20/20 levels left

rFire    + . .     SeeInvis +   Z - +5 broad axe (flame)
rCold    . . .     Gourm    .   B - +10 tower shield of Ignorance {rN+ Int-4}
rNeg     + + +     Faith    +   G - +3 plate armour {rF+}
rPois    +         Spirit   .   y - +2 helmet {SInv}
rElec    +         Reflect  .   Q - scarf {cloud immunity}
rCorr    .         Harm     .   O - +3 pair of gloves of Past Mistakes {+Inv rN++ Dex-4}
MR       ++++.     Rnd*Rage +   I - +2 pair of boots {Fly} Stlth ..........Rnd*Tele +
                                R - amulet of faith
HPRegen  0.00/turn              k - ring of Diradeji {rElec Str+3 Int+2 Dex+4 Stlth-}
MPRegen  0.14/turn              p - +6 ring of protection

@: berserk cooldown, flying, non-regenerating
A: damage resistance, heal wounds, talons 1, yellow scales 1, berserk 2, blurry
vision 1, clumsy 1, deterioration 1, dopey 1, frail 1, magic resistance 1,
negative energy resistance 1, sense surroundings 3, poison resistance,
teleportitis 2, weak 2, no regeneration
}: 3/15 runes: decaying, silver, gossamer
a: Heal Wounds, Minor Destruction, Lesser Servant of Makhleb, Major Destruction,
Greater Servant of Makhleb, Renounce Religion, Evoke Invisibility, Stop Flying


You were on level 5 of the Realm of Zot.
You worshipped Makhleb.
Makhleb was exalted by your worship.
You were hungry.

You visited 8 branches of the dungeon, and saw 42 of its levels.
You also visited: Sewer, Ice Cave and Volcano.

You collected 2364 gold pieces.
You spent 459 gold pieces at shops.

Inventory:

Hand Weapons
 Z - a +5 broad axe of flaming (weapon)
   (You took it off a hell knight in a volcano)
Missiles
 P - a throwing net (quivered)
Armour
 y - a +2 helmet of see invisible (worn)
   (You took it off Robin on level 3 of the Dungeon)
 B - the +10 tower shield of Ignorance (worn) {rN+ Int-4}
   (You found it on level 7 of the Dungeon)

   It affects your intelligence (-4).
   It protects you from negative energy.
 G - a +3 plate armour of fire resistance (worn)
   (You found it in a volcano)
 I - a +2 pair of boots of flying (worn)
   (You bought it in a shop on level 11 of the Dungeon)
 O - the +3 pair of gloves of Past Mistakes (worn) {+Inv rN++ Dex-4}
   (You found it on level 12 of the Dungeon)

   It affects your dexterity (-4).
   It greatly protects you from negative energy.
   It lets you turn invisible.
   If you remove this armour, your AC will decrease by 5 (42 -> 37).
 Q - a scarf of cloud immunity (worn)
   (You found it on level 1 of the Vaults)
Jewellery
 f - an uncursed ring of protection from fire
   (You found it on level 4 of the Dungeon)
 k - the ring of Diradeji (left hand) {rElec Str+3 Int+2 Dex+4 Stlth-}
   (You found it on level 7 of the Dungeon)

   [ring of intelligence]

   It affects your strength (+3).
   It affects your intelligence (+2).
   It affects your dexterity (+4).
   It insulates you from electricity.
   It makes you less stealthy.
 m - an uncursed ring of protection from magic
   (You found it on level 8 of the Dungeon)
 p - a +6 ring of protection (right hand)
   (You found it on level 4 of the Spider Nest)
 D - an uncursed ring of protection from fire
   (You found it on level 1 of the Dungeon)
 R - an amulet of faith (around neck)
   (You found it on level 13 of the Dungeon)
Wands
 i - a wand of scattershot (10)
   (You found it on level 4 of the Swamp)
 A - a wand of paralysis (7)
   (You found it on level 6 of the Dungeon)
 E - a wand of digging (18)
   (You found it on level 5 of the Dungeon)
 J - a wand of iceblast (11)
   (You found it on level 12 of the Dungeon)
 V - a wand of acid (17)
   (You bought it in a shop on level 6 of the Dungeon)
 X - a wand of enslavement (7)
   (You found it on level 15 of the Dungeon)
 Y - a wand of clouds (14)
   (You found it on level 15 of the Dungeon)
Scrolls
 t - 11 scrolls of teleportation
 x - 16 scrolls of remove curse
 z - a scroll of summoning
 F - a scroll of fog
 L - a scroll of silence
 W - a scroll of magic mapping
Potions
 a - 3 potions of ambrosia
 c - 6 potions of brilliance
 d - 7 potions of might
 g - a potion of magic
 h - a potion of haste
 l - 5 potions of berserk rage
 n - 2 potions of resistance
 o - 3 potions of cancellation
 q - 9 potions of curing
 u - 6 potions of flight
 w - a potion of heal wounds
 C - 4 potions of lignification
 N - 4 potions of stabbing
Miscellaneous
 H - a lamp of fire
   (You found it on level 11 of the Dungeon)
Comestibles
 e - 22 rations


   Skills:
 * Level 20.5 Fighting
 - Level 18.0 Axes
 + Level 20.0 Armour
 + Level 20.1 Shields
 - Level 15.0 Invocations
 - Level 4.5 Evocations


You had 20 spell levels left.
You didn't know any spells.
Your spell library was empty.

Dungeon Overview and Level Annotations

Branches:
Dungeon (15/15)            Temple (1/1) D:4            Lair (3/6) D:10
  Swamp (4/4) Lair:2       Spider (4/4) Lair:3          Orc (0/2) D:11
 Vaults (5/5) D:14         Depths (5/5) D:15            Zot (5/5) Depths:5
  Sewer (visited)           IceCv (visited)         Volcano (visited)
  Crypt: Vaults:2-3

Altars:
Ashenzari
Cheibriados
Dithmenos
Elyvilon
Fedhas
Gozag
Hepliaklqana
Kikubaaqudgha
Makhleb
Nemelex Xobeh
Okawaru
Qazlal
Ru
Sif Muna
Trog
Uskayaw
Vehumet
Wu Jian
Xom
Yredelemnul
Zin
The Shining One

Shops:
D:6 *   D:11 ([:   D:13 }   D:15 =   Vaults:1 [[   Vaults:2 %   Depths:5 =

Portals:
Hell: Depths:2

Annotations:
D:6 exclusion: door
D:10 4 runed translucent doors
D:12 1 runed translucent door, EnegeticOcto's ghost, journeyman DDFi
Spider:4 1 exclusion
Vaults:2 exclusion: orange crystal statue
Zot:4 1 transporter


Innate Abilities, Weirdness & Mutations

You are resistant to damage.
You can heal yourself by infusing magical energy.
You resist negative energy. (rN+)
You passively map a large area around you.
You do not regenerate.
You have sharp toenails.
You are partially covered in yellow scales. (AC +2)
You often lose your temper in combat.
Scrolls take you a little longer to read.
You are clumsy. (Dex -2)
Your body sometimes deteriorates upon taking damage.
You are dopey. (Int -2)
You are frail. (-10% HP)
You are resistant to hostile enchantments. (MR+)
Your system is resistant to poisons. (rPois)
You are sometimes teleported next to monsters.
You are very weak. (Str -4)


Message History

You feel yourself slow down.
You feel a little less mighty now.
You slice the ancient lich!! You burn the ancient lich.
The ancient lich is heavily damaged.
You slash the Ice Fiend! You burn the Ice Fiend. You slash the green draconian!
You burn the green draconian.
You block the purple draconian's attack.
You block the green draconian's attack. x2
The ancient lich touches you but does no damage.
The red draconian hits you from afar with a +0 glaive!
* * * LOW HITPOINT WARNING * * *
The Ice Fiend claws you but does no damage.
You block the Ice Fiend's attack.
You closely miss the ancient lich.
The ancient lich is heavily damaged.
You slash the Ice Fiend! You burn the Ice Fiend.
You closely miss the green draconian.
You block the yellow draconian's attack.
The purple draconian hits you but does no damage.
You block the green draconian's attack. The green draconian tail-slaps you!
You die...

* *, ,, , ,,, ,, , , , ,,
, * ,, , , * ,, , ,
#▓▓▓▓▓▓▓▓▓▓▓##,,
###........^.... ,,, ,
##....##dXdd..... ,
########...###.1dL......
,,
..........###..d@)......,
, ,, , .........##
#..)....^... , .........#
#........... , ,,
........## #........... ,
, ........# #^..........
, .....^..##
#..........., ,
.........# ##..........
,,, .........#
##..^...... , .......$..
* , ,, , **


You could see an ancient lich, an Ice Fiend, a yellow draconian, a green
draconian, a purple draconian, a red draconian, a white draconian and an Orb
Guardian.

Vanquished Creatures
  An ancient lich (Zot:5)
  Mennas (Depths:3)
  3 orbs of fire
  5 Killer Klowns (Zot:5)
  Saint Roka (Depths:2)
  the Lernaean hydra (Swamp:4)
  Boris (Depths:4)
  A curse toe (Zot:5)
  A bone dragon (Depths:5)
  An electric golem (Zot:5)
  3 tentacled monstrosities
  Jorgrun (D:14)
  24 Orb Guardians (Zot:5)
  4 quicksilver dragons
  2 sphinxes
  3 death cobs
  9 storm dragons
  3 tengu reavers
  Donald (Spider:3)
  2 shadow dragons
  A draconian monk (Zot:5)
  A frost giant (Vaults:5)
  5 ghost moths
  4 fire giants
  Aizul (Swamp:2)
  6 vault wardens
  2 draconian shifters
  A draconian knight (Depths:5)
  6 emperor scorpions (Spider:4)
  3 draconian annihilators
  A spriggan defender (Depths:4)
  5 ironheart preservers
  A draconian stormcaller (Zot:2)
  A war gargoyle (Vaults:5)
  8 very ugly things
  8 stone giants
  4 black draconians
  5 green draconians
  8 yellow draconians
  4 spark wasps
  3 red draconians
  4 ettins
  4 fire dragons
  Josephine (D:10)
  3 jiangshi (Depths:5)
  7 ice dragons
  2 great orbs of eyes
  5 yaktaur captains
  3 rakshasas
  10 vault guards
  12 hydras
  3 spriggan air magi
  A ghost crab (Swamp:4)
  7 alligators
  23 two-headed ogres
  3 dancing weapons
  Erica (D:10)
  11 centaur warriors
  A death knight (D:12)
  7 ogre magi
  A deep troll shaman (Vaults:1)
  6 death yaks (Lair:3)
  A deep troll earth mage (Depths:3)
  A tengu warrior (D:15)
  3 vampire magi
  Sonja (D:10)
  A deep elf knight (Vaults:5)
  A sun demon (Volcano)
  2 shadow wraiths
  A titan skeleton (Depths:2)
  A flayed ghost (Vaults:1)
  A hell knight (Volcano)
  A skeletal warrior (D:12)
  9 swamp dragons
  4 deep trolls
  2 unseen horrors
  2 spriggan druids (Swamp:4)
  A glowing orange brain (Vaults:5)
  2 deep elf archers (Vaults:1)
  A wizard (Vaults:3)
  A sphinx zombie (Depths:2)
  A tengu zombie (Depths:3)
  3 ironbrand convokers
  3 harpies (Vaults:1)
  2 phantasmal warriors
  2 necromancers
  8 orc knights
  6 orb spiders
  41 ugly things
  2 deep elf magi (D:14)
  A stone giant zombie (Depths:2)
  2 manticores
  An orc sorcerer (Vaults:3)
  18 wolf spiders
  9 cyclopes
  2 salamanders (Depths:4)
  5 moths of wrath
  A black mamba (shapeshifter) (D:15)
  4 elephants (Lair:3)
  Maurice (D:9)
  A fire giant skeleton (Depths:3)
  A torpor snail (Spider:4)
  Psyche (D:9)
  5 black mambas
  10 spiny frogs
  A gargoyle (D:10)
  7 vault sentinels
  24 yaktaurs
  An efreet (D:13)
  9 demonic crawlers
  6 rime drakes
  Maggie (D:10)
  3 komodo dragons
  2 tengu conjurers
  3 freezing wraiths
  3 tyrant leeches
  A red devil (Volcano)
  16 polar bears (IceCv)
  8 trolls
  7 jumping spiders
  3 meliai (D:13)
  16 hornets
  6 bog bodies
  Prince Ribbit (D:5)
  A snapping turtle (shapeshifter) (Vaults:5)
  26 slime creatures
  A fire giant simulacrum (Depths:3)
  3 hippogriffs
  A raiju (Zot:3)
  A dream sheep (shapeshifter) (D:15)
  2 shadows
  A water elemental (Depths:2)
  6 spriggans
  18 redbacks
  A tarantella (shapeshifter) (Vaults:1)
  6 tarantellas
  25 yaks
  A vampire (D:15)
  10 wraiths
  2 wyverns
  A human (shapeshifter) (Vaults:2)
  2 basilisks
  A steam dragon (D:12)
  Grum (Lair:1)
  6 hungry ghosts
  8 vampire mosquitoes
  Menkaure (D:6)
  3 wargs
  10 insubstantial wisps (Swamp:3)
  An acid dragon (D:14)
  2 soldier ants
  9 swamp worms
  4 water moccasins
  Duvessa (D:6)
  7 porcupines
  9 swamp drakes
  2 sky beasts
  22 orc warriors
  2 black bears (D:10)
  3 ice beasts
  2 eyes of draining (D:11)
  A hornet zombie (D:8)
  2 phantoms
  4 boggarts (D:15)
  24 centaurs
  7 necrophages
  12 wolves
  21 ogres
  8 crocodiles
  8 bullfrogs
  2 big kobolds (Sewer)
  Dowan (D:6)
  A water moccasin zombie (D:9)
  A wyvern skeleton (D:8)
  20 killer bees
  9 scorpions
  7 wights
  An electric eel (Lair:2)
  3 howler monkeys
  4 crimson imps
  2 quasits
  2 centaur zombies
  3 bullfrog zombies
  3 bullfrog skeletons
  10 orc priests
  7 hounds
  5 jellies
  8 centaur skeletons
  5 iguanas
  8 orc wizards
  6 worker ants
  A killer bee zombie (D:9)
  2 hound zombies (D:9)
  A hound skeleton (D:4)
  3 mummies
  Robin (D:3)
  13 gnolls
  5 river rats
  16 adders
  8 shadow imps
  9 oozes
  An adder skeleton (D:8)
  An adder zombie (D:5)
  5 worms
  12 dart slugs
  11 leopard geckos
  64 orcs
  6 giant cockroaches
  13 goblins
  9 hobgoblins
  39 jackals
  15 kobolds
  A quokka (D:2)
  6 ball pythons
  7 bats
  9 frilled lizards
  2 hobgoblin zombies (D:4)
  2 kobold zombies (D:4)
  A quokka skeleton (D:4)
  7 rats
1212 creatures vanquished.

Vanquished Creatures (collateral kills)
  A quicksilver dragon (Zot:3)
  A frost giant (IceCv)
  A death knight (D:11)
  An ugly thing (Depths:3)
  A yak (IceCv)
  A yak (shapeshifter) (Depths:3)
  A wolf (IceCv)
7 creatures vanquished.

Vanquished Creatures (others)
  A draconian knight (Zot:5)
  An alligator (Swamp:4)
  2 swamp dragons (Swamp:4)
  A rime drake (Swamp:4)
  A jumping spider (Spider:3)
  A swamp worm (Swamp:1)
  A swamp drake (Swamp:4)
  An orc wizard (D:4)
  2 orcs
  5 fungi
  29 plants
45 creatures vanquished.

Grand Total: 1264 creatures vanquished

Notes
Turn   | Place    | Note
-------+----------+-------------------------------------------
     0 | D:1      | Flugslaktarn the Deep Dwarf Fighter began the quest for the
                  | Orb.
     0 | D:1      | Reached XP level 1. HP: 20/20 MP: 1/1
    58 | D:1      | Reached XP level 2. HP: 24/27 MP: 2/2
   228 | D:1      | Reached XP level 3. HP: 27/33 MP: 3/3
   502 | D:4      | Found a staircase to the Ecumenical Temple.
   522 | D:4      | Reached XP level 4. HP: 29/42 MP: 4/4
   526 | D:4      | Got a fine lead amulet
   532 | Temple   | Entered the Ecumenical Temple
   533 | Temple   | Identified the amulet "Lil Cun" {Regen+ Str+6} (You found
                  | it on level 4 of the Dungeon)
   714 | D:4      | Reached XP level 5. HP: 20/49 MP: 5/5
   973 | D:4      | Reached XP level 6. HP: 47/57 MP: 6/6
  1148 | D:4      | Reached skill level 5 in Axes
  1364 | D:3      | Found an ancient bone altar of Kikubaaqudgha.
  1482 | D:3      | Noticed Robin
  1492 | D:3      | Killed Robin
  1984 | D:5      | Entered Level 5 of the Dungeon
  2027 | D:5      | Reached XP level 7. HP: 27/64 MP: 6/6
  2042 | D:5      | Reached skill level 5 in Armour
  2160 | D:5      | Reached skill level 5 in Shields
  2211 | D:5      | HP: 3/64 [ogre/+0 giant club (26)]
  2229 | D:5      | Noticed Prince Ribbit
  2240 | D:5      | Killed Prince Ribbit
  2301 | D:5      | Reached XP level 8. HP: 69/73 MP: 6/6
  2469 | D:5      | Found a white marble altar of Elyvilon.
  2616 | D:6      | Noticed Menkaure
  2616 | D:6      | Noticed Duvessa
  2616 | D:6      | Noticed Dowan
  2624 | D:6      | HP: 3/73 [Duvessa/puff of flame (4)]
  2647 | D:6      | Killed Duvessa
  2654 | D:6      | HP: 1/73 [Menkaure (10)]
  2656 | D:6      | Killed Dowan
  2658 | D:6      | Killed Menkaure
  2658 | D:6      | Reached skill level 5 in Fighting
  2744 | D:6      | Found Zolasaix's Assorted Antiques.
  2751 | D:6      | Bought a tapered bronze wand for 92 gold pieces
  2751 | D:6      | Bought a scroll labeled WUZIPA ASURUU for 23 gold pieces
  2874 | D:6      | Found a glowing drain.
  2883 | Sewer    | Entered a sewer
  3805 | D:7      | Gained mutation: You passively map the area around you.
                  | [Deep Dwarf growth]
  3805 | D:7      | Reached XP level 9. HP: 57/81 MP: 2/2
  3824 | D:7      | Got a twitching glass ring
  4460 | D:7      | Found the +10 tower shield of Ignorance {rN+ Int-4}
  4590 | D:7      | Identified the ring of Diradeji {rElec Str+3 Int+2 Dex+4
                  | Stlth-} (You found it on level 7 of the Dungeon)
  5015 | D:8      | Reached skill level 1 in Evocations
  5341 | D:8      | Found a basalt altar of Yredelemnul.
  6043 | D:2      | Found a faded altar of an unknown god.
  6331 | D:2      | Found a glowing silver altar of Zin.
  6351 | D:2      | Found a shattered altar of Ashenzari.
  6357 | D:2      | Found a burning altar of Makhleb.
  6364 | D:2      | Became a worshipper of Makhleb the Destroyer
  6536 | D:9      | Reached XP level 10. HP: 63/92 MP: 4/4
  6548 | D:9      | Noticed Maurice
  6576 | D:9      | Reached skill level 1 in Invocations
  6583 | D:9      | Killed Maurice
  6583 | D:9      | Reached skill level 10 in Axes
  6885 | D:9      | Reached * piety under Makhleb
  6889 | D:9      | Noticed Psyche
  6903 | D:9      | Killed Psyche
  7765 | D:10     | Entered Level 10 of the Dungeon
  7766 | D:10     | Identified a scroll of acquirement
  7766 | D:10     | Identified the ring "Arueczush" {rPois Stlth+} (You
                  | acquired it on level 10 of the Dungeon)
  7770 | D:10     | Reached ** piety under Makhleb
  7783 | D:10     | Noticed a gargoyle
  7802 | D:10     | Killed a gargoyle
  7802 | D:10     | Reached XP level 11. HP: 80/103 MP: 4/4
  7862 | D:10     | Noticed Erica
  7874 | D:10     | Killed Erica
  7889 | D:10     | Found a large runed translucent door.
  7890 | D:10     | Found a large runed translucent door.
  7895 | D:10     | Found a large runed translucent door.
  7895 | D:10     | Found a large runed translucent door.
  7896 | D:10     | Noticed a two-headed ogre
  7896 | D:10     | Noticed an unseen horror
  7932 | D:10     | Reached skill level 5 in Invocations
  7982 | D:10     | Noticed Maggie
  7995 | D:10     | Killed Maggie
  8074 | D:10     | Noticed Sonja
  8077 | D:10     | Found a staircase to the Lair.
  8126 | D:10     | Killed Sonja
  8229 | D:10     | Reached *** piety under Makhleb
  8517 | D:10     | Noticed Josephine
  8534 | D:10     | Killed Josephine
  8534 | D:10     | Reached skill level 10 in Shields
  8669 | D:10     | Noticed a centaur warrior
  8683 | D:10     | Killed a centaur warrior
  8845 | D:10     | Reached XP level 12. HP: 113/114 MP: 6/6
  8924 | D:11     | Found Kag Emne's Armour Shop.
  8941 | D:11     | Found a staircase to the Orcish Mines.
  8944 | D:11     | Found Etautumi's Weapon Shop.
  9016 | D:11     | Reached **** piety under Makhleb
  9047 | D:11     | Noticed a two-headed ogre
  9053 | D:11     | Killed a two-headed ogre
  9186 | D:11     | Bought a +2 pair of boots of flying for 344 gold pieces
  9451 | D:11     | Found Fysoam's Book Emporium.
  9504 | D:11     | Found a frozen archway.
  9523 | IceCv    | Entered an ice cave
  9556 | IceCv    | Reached skill level 10 in Fighting
  9600 | IceCv    | Reached skill level 10 in Armour
  9688 | IceCv    | Noticed a frost giant
  9710 | IceCv    | Killed a frost giant
  9821 | IceCv    | Got a scorched battleaxe
  9834 | IceCv    | Identified the +1 battleaxe of a volcano {venom, rC+ Str+2
                  | Dex+3} (You found it in an ice cave)
 10280 | D:12     | Noticed a death knight
 10328 | D:11     | Killed a death knight
 10345 | D:12     | Reached XP level 13. HP: 66/124 MP: 6/6
 10400 | D:12     | Found a stormy altar of Qazlal.
 10414 | D:11     | Gained mutation: Your system is resistant to poisons.
                  | (rPois) [potion of mutation]
 10414 | D:11     | Gained mutation: You are resistant to hostile enchantments.
                  | (MR+) [potion of mutation]
 10414 | D:11     | Gained mutation: You have large cloven feet. [potion of
                  | mutation]
 10545 | D:12     | Reached ***** piety under Makhleb
 10654 | D:12     | Got a pair of scorched gloves
 10655 | D:12     | Identified the +3 pair of gloves of Past Mistakes {+Inv
                  | rN++ Dex-4} (You found it on level 12 of the Dungeon)
 10766 | D:12     | Found a runed translucent door.
 10766 | D:12     | Noticed EnegeticOcto's ghost (journeyman DDFi)
 10769 | D:12     | Identified the +4 spear "Leutevu" {protect, Int+2 Dex+4
                  | SInv}
 11289 | D:13     | Found Xicieb's Gadget Shop.
 11776 | D:14     | Found a sacrificial altar of Ru.
 11820 | D:14     | Noticed Jorgrun
 11844 | D:14     | Killed Jorgrun
 12032 | D:14     | Found a gate to the Vaults.
 12141 | D:14     | Gained mutation: You resist negative energy. (rN+) [Deep
                  | Dwarf growth]
 12141 | D:14     | Reached XP level 14. HP: 87/136 MP: 7/7
 12142 | D:14     | Reached skill level 10 in Invocations
 12642 | D:15     | Entered Level 15 of the Dungeon
 12697 | D:15     | Reached skill level 15 in Axes
 12999 | D:15     | Found Goguixt's Jewellery Shop.
 13099 | D:15     | Found a blossoming altar of Fedhas.
 13215 | D:15     | Reached ****** piety under Makhleb
 13448 | D:15     | Found a staircase to the Depths.
 13654 | Lair:1   | Entered Level 1 of the Lair of Beasts
 13795 | Lair:1   | Noticed Grum
 13813 | Lair:1   | Killed Grum
 14737 | Lair:2   | Found a staircase to the Swamp.
 14842 | Swamp:1  | Entered Level 1 of the Swamp
 15073 | Swamp:2  | Reached XP level 15. HP: 146/146 MP: 9/9
 15119 | Swamp:2  | Noticed Aizul
 15155 | Swamp:2  | Killed Aizul
 15469 | Swamp:4  | Entered Level 4 of the Swamp
 15670 | Swamp:4  | Reached skill level 15 in Shields
 15708 | Swamp:4  | Noticed the 27-headed Lernaean hydra
 15725 | Swamp:4  | Killed the 18-headed Lernaean hydra
 15876 | Swamp:4  | Got a decaying rune of Zot
 16184 | Lair:3   | Found a hole to the Spider Nest.
 16195 | Lair:3   | Found a dark tunnel.
 16201 | Volcano  | Entered a volcano
 16384 | Volcano  | Reached XP level 16. HP: 158/158 MP: 10/10
 16490 | Spider:1 | Entered Level 1 of the Spider Nest
 16546 | Spider:3 | Noticed Donald
 16636 | Spider:3 | Killed Donald
 16657 | Spider:4 | Entered Level 4 of the Spider Nest
 17308 | Spider:4 | Got a gossamer rune of Zot
 17527 | Vaults:1 | Entered Level 1 of the Vaults
 17554 | Vaults:1 | Found Ociggiem's Armour Emporium.
 17659 | Vaults:1 | Found Ocaippu's Armour Boutique.
 17810 | Vaults:1 | Reached XP level 17. HP: 168/168 MP: 11/11
 18027 | Vaults:1 | Reached skill level 15 in Fighting
 18953 | Vaults:2 | Found Beagrom's Food Shop.
 19347 | Vaults:4 | Reached skill level 15 in Invocations
 19347 | Vaults:4 | Gained mutation: You passively map a large area around you.
                  | [Deep Dwarf growth]
 19347 | Vaults:4 | Reached XP level 18. HP: 181/181 MP: 13/13
 19377 | Vaults:5 | Entered Level 5 of the Vaults
 19536 | Vaults:5 | Reached skill level 15 in Armour
 19542 | Vaults:5 | Found the +7 lajatang of Order {silver, rMut}
 19552 | Vaults:5 | Got a silver rune of Zot
 19957 | Depths:1 | Entered Level 1 of the Depths
 20061 | Depths:2 | Found a gateway to Hell.
 20062 | Depths:2 | Noticed Saint Roka
 20104 | Depths:2 | Killed Saint Roka
 20333 | Depths:2 | Reached XP level 19. HP: 193/193 MP: 14/14
 20369 | Depths:3 | Noticed Mennas
 20496 | Depths:3 | Killed Mennas
 20914 | Depths:5 | Entered Level 5 of the Depths
 21075 | Depths:5 | Found Jiohe's Jewellery Boutique.
 21483 | Depths:4 | Noticed Boris
 21497 | Depths:4 | Killed Boris
 21533 | Depths:5 | Noticed a bone dragon
 21553 | Depths:5 | Killed a bone dragon
 21565 | Depths:5 | Found a gate to the Realm of Zot.
 21594 | Zot:1    | Entered Level 1 of the Realm of Zot
 21713 | Zot:3    | Noticed an orb of fire
 21736 | Zot:3    | Gained mutation: You are dopey. (Int -2) [an orb of fire]
 21741 | Zot:3    | Gained mutation: You are occasionally teleported next to
                  | monsters. [an orb of fire]
 21741 | Zot:3    | HP: 4/196 [orb of fire/bolt of fire (21)]
 21744 | Zot:3    | Gained mutation: You tend to lose your temper in combat.
                  | [an orb of fire]
 21750 | Zot:3    | Gained mutation: You are weak. (Str -2) [an orb of fire]
 21761 | Zot:3    | HP: 8/196 [orb of fire/fireball (22)]
 21767 | Zot:3    | Gained mutation: You are frail. (-10% HP) [an orb of fire]
 21772 | Zot:3    | Killed an orb of fire
 21845 | Zot:4    | Lost mutation: You are occasionally teleported next to
                  | monsters. [potion of mutation]
 21845 | Zot:4    | Lost mutation: You have large cloven feet. [potion of
                  | mutation]
 21845 | Zot:4    | Lost mutation: You are frail. (-10% HP) [potion of
                  | mutation]
 21845 | Zot:4    | Gained mutation: You are partially covered in yellow
                  | scales. (AC +2) [potion of mutation]
 21857 | Zot:4    | Reached XP level 20. HP: 206/206 MP: 14/14
 21925 | Zot:4    | Noticed a golden dragon
 21936 | Zot:4    | Found a transporter.
 21941 | Zot:5    | Entered Level 5 of the Realm of Zot
 22020 | Zot:5    | Noticed a curse toe
 22042 | Zot:5    | Killed a curse toe
 22101 | Zot:5    | Noticed a Killer Klown
 22104 | Zot:5    | Noticed an orb of fire
 22105 | Zot:5    | Noticed a Killer Klown
 22107 | Zot:5    | Noticed a Killer Klown
 22112 | Zot:5    | Noticed a Killer Klown
 22127 | Zot:5    | Gained mutation: Your body sometimes deteriorates upon
                  | taking damage. [an orb of fire]
 22130 | Zot:5    | Gained mutation: You have sharp toenails. [an orb of fire]
 22133 | Zot:5    | Gained mutation: You are occasionally teleported next to
                  | monsters. [an orb of fire]
 22135 | Zot:5    | Gained mutation: Scrolls take you a little longer to read.
                  | [an orb of fire]
 22137 | Zot:5    | Gained mutation: You are very dopey. (Int -4) [an orb of
                  | fire]
 22138 | Zot:5    | Killed an orb of fire
 22138 | Zot:5    | Noticed an orb of fire
 22153 | Zot:5    | Killed a Killer Klown
 22153 | Zot:5    | Gained mutation: You are sometimes teleported next to
                  | monsters. [an orb of fire]
 22155 | Zot:5    | Killed a Killer Klown
 22155 | Zot:5    | Gained mutation: You are frail. (-10% HP) [an orb of fire]
 22161 | Zot:5    | Killed a Killer Klown
 22161 | Zot:5    | Killed a Killer Klown
 22161 | Zot:5    | Gained mutation: You are clumsy. (Dex -2) [an orb of fire]
 22168 | Zot:5    | Reached XP level 21. HP: 194/197 MP: 14/14
 22168 | Zot:5    | Lost mutation: You are very dopey. (Int -4) [an orb of
                  | fire]
 22170 | Zot:5    | Noticed a Killer Klown
 22170 | Zot:5    | Gained mutation: You are very weak. (Str -4) [an orb of
                  | fire]
 22178 | Zot:5    | Noticed an ancient lich
 22181 | Zot:5    | Gained mutation: You often lose your temper in combat. [an
                  | orb of fire]
 22185 | Zot:5    | Killed an orb of fire
 22206 | Zot:5    | Killed an ancient lich
 22220 | Zot:5    | Noticed an ancient lich
 22223 | Zot:5    | Killed a Killer Klown
 22229 | Zot:5    | HP: 8/198 [ancient lich/bolt of cold (56)]
 22231 | Zot:5    | HP: 2/198 [red draconian/+0 glaive (6)]
 22232 | Zot:5    | Slain by a green draconian

Levels and vault maps discovered:
D:1:      kilobyte_arrival_exit_the_forest, layout_basic, minmay_lizard_pond
D:2:      layout_loops_ring, minmay_overflow_temple_star_quad,
          chequers_ecumenical_altar_twisty, st_stairs_3
D:3:      layout_rooms, lemuel_crystal_altar, serial_rivers,
          chequers_serial_rivers_micro_e, chequers_serial_rivers_large_b,
          chequers_serial_rivers_micro_b, chequers_serial_rivers_micro_d,
          chequers_serial_rivers_large_a, uniq_robin
D:4:      kennysheep_slugbush, layout_gridville, minmay_temple_entry_large_hall,
          hangedman_glass_teeth, minmay_mini_ossuary
D:5:      layout_basic, elyvilon_altar_3, first_ration,
          minmay_misc_feat_columns, uniq_prince_ribbit1
D:6:      lemuel_castle_with_subvaults [lemuel_castle_interior_original],
          layout_loops_ring, serial_shops, shop, gup_sewer_entry_bubbles,
          uniq_menkaure, uniq_pikel, uniq_duvessa
D:7:      layout_basic
D:8:      layout_rooms, nicolae_overflow_hidden_temple, serial_rivers,
          chequers_serial_rivers_small_3, chequers_serial_rivers_micro_a,
          chequers_serial_rivers_micro_e, chequers_serial_rivers_marsh,
          chequers_serial_rivers_room_a
D:9:      layout_layer_cave, serial_undead, serial_undead_b, serial_undead_f,
          serial_undead_f, serial_undead_e, serial_undead_a, serial_undead_e,
          serial_undead_e, serial_undead_c, grunt_pizzeria, minmay_circle_x,
          uniq_maurice, uniq_psyche
D:10:     layout_irregular_city, minmay_lair_entry_grove, serial_column_ruins,
          column_ruins_pillar_4, column_ruins_pillar_2, column_ruins_pillar_4,
          column_ruins_pillar_1, column_ruins_pillar_1, column_ruins_pillar_6,
          column_ruins_pillar_4, column_ruins_pillar_4, column_ruins_pillar_2,
          column_ruins_pillar_2, column_ruins_pillar_2, column_ruins_pillar_6,
          column_ruins_pillar_5, column_ruins_pillar_3,
          minmay_hollow_rounded_squares, uniq_sonja, uniq_maggie,
          uniq_josephine, uniq_erica
D:11:     layout_roguey, orc_david_3, serial_shops, shop, portal_ice_cave_rime
D:12:     kennysheep_blocky_hall, layout_basic, ebering_ghost_funeral_grove,
          nicolae_qazlal_general_emergency
D:13:     layout_rooms, serial_shops, shop_statue
D:14:     layout_loops_ring, erik_vaults_1, serial_bayou_pond_e,
          chequers_serial_rivers_micro_e, nicolae_ru_awakened_eye, uniq_jorgrun
D:15:     gammafunk_enter_depths_forms, layout_long_grid, fedhas_altar_2,
          serial_shops, shop, corexii_hall_statues_x
Temple:   compressed_dpeg_circular_temple
Lair:1:   layout_small_grid, cheibrodos_lair_reptile_den, uniq_grum
Lair:2:   layout_cave_pods, nicolae_swamp_entry_splash_gauntlet,
          beast_lair_carwin_11, infiniplex_staircase_pool_2
Lair:3:   layout_chaotic_city, spider_nest_entry_web_field, enter_volcano_2
Swamp:1:  layout_basic_swamp, evilmike_swamp_ruin_rubble_2
Swamp:2:  layout_basic_swamp, evilmike_swamp_ruin_house_3, uniq_aizul
Swamp:3:  layout_basic_swamp, evilmike_swamp_ruin_house_4, uniq_mara
Swamp:4:  swamp_alternative, layout_basic_swamp
Spider:1: layout_spider_delve, uniq_kirke, uniq_asterion
Spider:2: layout_spider_delve
Spider:3: layout_spider_delve, uniq_donald
Spider:4: guppyfry_spider_rune
Vaults:1: st_eye, v_alt_pattern_3, hangedman_vaults_unwind,
          hangedman_vaults_slice, ontoclasm_vaults_fault,
          nicolae_vaults_angled_halls, layout_vaults_quadrants, serial_shops,
          shop, shop, shop, shop
Vaults:2: grunt_vaults_bifocal, vaults_mumra_lcd, nicolae_vaults_statue_guard,
          hangedman_vaults_locks, grunt_vaults_funnel, vaults_dpeg_ring,
          minmay_crypt_entry_simple_round, vaults_dpeg_hooks,
          hangedman_vaults_stretched_pinwheel, ontoclasm_vaults_chip,
          nicolae_vaults_little_squares_3, v_misc_19, hangedman_vaults_cutoff,
          layout_vaults_omnicross, serial_shops, nicolae_shop_waterfront
Vaults:3: v_misc_12, nicolae_vaults_shelves_hall,
          nicolae_vaults_branching_niches, nicolae_vaults_little_squares_3,
          nicolae_vaults_network_periphery, hangedman_vaults_snaps,
          layout_vaults_chaotic_city
Vaults:4: gammafunk_vaults_ghost_spectres, ontoclasm_vaults_claustrophobia,
          dpeg_vaults_monster_box, v_rooms_3, v_misc_13,
          nicolae_vaults_network_quinsquares
          [nicolae_vaults_network_quincunx_subvault,
          nicolae_vaults_network_quincunx_subvault,
          nicolae_vaults_network_quincunx_subvault,
          nicolae_vaults_network_quincunx_subvault], hangedman_vaults_stagger,
          vaults_mumra_minichess_inversion, nicolae_vaults_specimen_jars,
          nicolae_vaults_ring_of_whatevers, kb_rosetta, v_alt_pattern_3,
          nicolae_vaults_hallways_thing, layout_vaults_omnibox
Vaults:5: serial_shops
Depths:1: minmay_thinvault, layout_cave_pools, hell_entry,
          gammafunk_ghost_wrathful_warriors, grunt_decor_clamped,
          hangedman_cracks_in_the_wall
Depths:2: minmay_nine_rooms, layout_cave_pools, serial_bayou_lagoon_a,
          hell_entry, serial_shops, shop_coins, rand_demon_pan_entry_9,
          uniq_bai_suzhen, uniq_saint_roka
Depths:3: minmay_the_grid_triangle_9x9_rhombus_thin
          [minmay_the_grid_triangle_9x9_intruding_spiral,
          minmay_the_grid_triangle_9x9_prize_insulated,
          minmay_the_grid_triangle_9x9_tough_junction,
          minmay_the_grid_triangle_9x9_semitri], layout_gridville,
          enter_ziggurat_a, pan_entry, lightli_too_deep, serial_bayou_pond_d,
          hangedman_decor_growths, uniq_mennas
Depths:4: grunt_house_of_mirrors, layout_basic, nicolae_benzene_ring,
          abyss_entry, serial_shops, nicolae_shop_statue_plus,
          grunt_hell_entry_dis_old, uniq_boris
Depths:5: evilmike_zot_entry_round, layout_basic, pf_coc_iceberg,
          minmay_misc_feat_alley, serial_curves, eino_curves_04, eino_curves_01,
          serial_shops, shop
Zot:1:    layout_basic
Zot:2:    layout_onion_interference
Zot:3:    hangedman_orp_of_zott, layout_basic
Zot:4:    gammafunk_the_bubble [the_bubble_gammafunk_plus_minus], layout_onion,
          gammafunk_ghost_split, zot_minivault_5
Zot:5:    layout_onion

Skill      XL: |  1  2  3  4  5  6  7  8  9 10 11 12 13 14 15 16 17 18 19 20 21 |
---------------+----------------------------------------------------------------+-----
Axes           | 3 4 5 6 8 9 11 12 13 14 15 16 17 18 | 18.0
Fighting       | 3 4 5 6 7 9 10 11 12 13 14 16 17 18 20 | 20.5
Armour         | 4 5 6 7 8 9 10 11 12 13 14 15 17 19 20 | 20.0
Shields        | 4 5 6 7 8 10 11 13 14 15 16 17 18 19 20 | 20.1
Evocations     | 4 |  4.5
Invocations    | 4 6 8 9 11 12 13 15 | 15.0

Action                   |  1- 3 |  4- 6 |  7- 9 | 10-12 | 13-15 | 16-18 | 19-21 || total
-------------------------+-------+-------+-------+-------+-------+-------+-------++-------
Melee: War axe           |    79 |   190 |   692 |   868 |  1104 |       |       ||  2933
       Battleaxe         |       |       |       |     8 |       |       |       ||     8
       Hand axe          |       |       |       |       |   505 |       |       ||   505
       Broad axe         |       |       |       |       |     6 |  1132 |   840 ||  1978
Invok: Lesser Servant of |       |       |       |     4 |       |       |     3 ||     7
 Abil: Heal Wounds       |       |     4 |    22 |     8 |    13 |     3 |    17 ||    67
Evoke: Wand              |       |       |       |     1 |     2 |       |       ||     3
  Use: Scroll            |       |       |    22 |     3 |    12 |     7 |     9 ||    53
       Potion            |       |       |       |     1 |     1 |     1 |    15 ||    18
 Stab: Paralysed         |       |       |       |     4 |       |       |       ||     4
       Distracted        |       |       |       |     1 |       |       |     3 ||     4
       Confused          |       |       |       |       |     1 |       |       ||     1
       Held in net/web   |       |       |       |       |       |     3 |       ||     3
       Invisible         |       |       |       |       |       |       |    15 ||    15
  Eat: Chunk             |       |     4 |    19 |    13 |    21 |     7 |     1 ||    65
       Ration            |       |       |     1 |     1 |     1 |     3 |     1 ||     7
Armor: Scale mail        |    56 |    58 |       |       |       |       |       ||   114
       Chain mail        |       |    20 |       |       |       |       |       ||    20
       Plate armour      |       |     9 |   302 |   339 |   745 |   505 |   353 ||  2253
Dodge: Dodged            |    23 |    66 |   114 |   105 |   231 |   148 |   108 ||   795
Block: Kite shield       |    45 |   112 |   280 |       |       |       |       ||   437
       Tower shield      |       |       |   309 |  1216 |  2374 |  1696 |  1188 ||  6783

Table legend:
 A = Non-vault XP
 B = Vault XP
 C = Vault XP percentage of total XP
 D = Non-vault monster count
 E = Vault monster count
 F = Vault count percentage of total count
                 A         B        C        D         E       F
            +---------+---------+-------+---------+---------+-------
      Total |  328034 |  315403 |  49.0 |     792 |     437 |  35.6
            +---------+---------+-------+---------+---------+-------
        D:1 |      72 |       5 |   6.5 |      26 |       5 |  16.1
        D:2 |     133 |       4 |   2.9 |      25 |       2 |   7.4
        D:3 |      84 |      33 |  28.2 |      27 |      12 |  30.8
        D:4 |     457 |      51 |  10.0 |      21 |      13 |  38.2
        D:5 |     761 |     274 |  26.5 |      25 |       1 |   3.8
        D:6 |     286 |     387 |  57.5 |       7 |      23 |  76.7
        D:7 |    1440 |       0 |   0.0 |      25 |       0 |   0.0
        D:8 |     840 |       0 |   0.0 |      13 |       0 |   0.0
        D:9 |    2611 |    2594 |  49.8 |      27 |      24 |  47.1
       D:10 |    3723 |    7753 |  67.6 |      44 |      32 |  42.1
       D:11 |    6443 |    1006 |  13.5 |      29 |       7 |  19.4
       D:12 |    8313 |    1081 |  11.5 |      36 |       4 |  10.0
       D:13 |    5969 |       0 |   0.0 |      37 |       0 |   0.0
       D:14 |   10817 |    4685 |  30.2 |      30 |       3 |   9.1
       D:15 |   15150 |    3852 |  20.3 |      37 |      11 |  22.9
     Lair:1 |    1806 |    1184 |  39.6 |       5 |       5 |  50.0
     Lair:2 |    6860 |    1256 |  15.5 |      28 |       8 |  22.2
     Lair:3 |   10061 |       0 |   0.0 |      20 |       0 |   0.0
    Swamp:1 |    3328 |       0 |   0.0 |      12 |       0 |   0.0
    Swamp:2 |    7481 |    1654 |  18.1 |      18 |       1 |   5.3
    Swamp:3 |    1963 |       0 |   0.0 |      12 |       0 |   0.0
    Swamp:4 |    7359 |   20333 |  73.4 |      14 |      32 |  69.6
   Spider:1 |     301 |       0 |   0.0 |       1 |       0 |   0.0
   Spider:2 |    4119 |       0 |   0.0 |       5 |       0 |   0.0
   Spider:3 |    7840 |    2036 |  20.6 |      23 |       1 |   4.2
   Spider:4 |    8917 |   24801 |  73.6 |      16 |      39 |  70.9
   Vaults:1 |   14060 |   25609 |  64.6 |      28 |      31 |  52.5
   Vaults:2 |   21615 |   12443 |  36.5 |      34 |      18 |  34.6
   Vaults:3 |   21823 |     628 |   2.8 |      36 |       1 |   2.7
   Vaults:4 |     557 |    5379 |  90.6 |       1 |       5 |  83.3
   Vaults:5 |    4125 |   31135 |  88.3 |       4 |      24 |  85.7
   Depths:1 |   10807 |       0 |   0.0 |      12 |       0 |   0.0
   Depths:2 |   17691 |    9478 |  34.9 |      22 |      18 |  45.0
   Depths:3 |    8982 |    8480 |  48.6 |      13 |       2 |  13.3
   Depths:4 |   12457 |    5166 |  29.3 |      18 |       1 |   5.3
   Depths:5 |   12967 |   11074 |  46.1 |      15 |       7 |  31.8
      Zot:2 |    9970 |       0 |   0.0 |       7 |       0 |   0.0
      Zot:3 |   25222 |     884 |   3.4 |      10 |       2 |  16.7
      Zot:4 |   11319 |       0 |   0.0 |      10 |       0 |   0.0
      Zot:5 |   39305 |  119511 |  75.3 |      19 |      36 |  65.5
      Sewer |       0 |     346 | 100.0 |       0 |      28 | 100.0
      IceCv |       0 |    8788 | 100.0 |       0 |      35 | 100.0
    Volcano |       0 |    3493 | 100.0 |       0 |       6 | 100.0
            +---------+---------+-------+---------+---------+-------
